 Dungeon Crawl Stone Soup version 0.30-a0-859-gf88a04b (webtiles) character file.

Game seed: 9428824787126618697

1 Dorkslayer the Trooper (level 1, -1/18 HPs)
             Began as a Merfolk Fighter on Mar 6, 2023.
             Slain by a hobgoblin (4 damage)
             ... on level 1 of the Dungeon.
             The game lasted 00:00:11 (43 turns).

Dorkslayer the Trooper (Merfolk Fighter)              Turns: 43, Time: 00:00:11

Health: -1/18      AC:  6    Str: 16    XL:     1   Next: 20%
Magic:  1/1        EV:  8    Int:  7    God:
Gold:   21         SH:  4    Dex: 13    Spells: 0/0 levels left

rFire   . . .      SeeInvis .    a - +0 trident
rCold   . . .      Faith    .    c - +0 buckler
rNeg    . . .      Spirit   .    b - +0 scale mail
rPois   .          Reflect  .    (no helmet)
rElec   .          Rampage  .    (no cloak)
rCorr   .                        (no gloves)
Will    .....                    (no boots) Stlth
                                 (no amulet)
HPRegen 0.23/turn                (no ring)
MPRegen 0.07/turn                (no ring)

@: no status effects
A: (nimble swimmer 2), mertail
a: no special abilities


You were on level 1 of the Dungeon.
You visited 1 branch of the dungeon, and saw 1 of its levels.

You collected 21 gold pieces.

Inventory:

Hand Weapons
 a - a +0 trident (weapon)
Armour
 b - a +0 scale mail (worn)
 c - a +0 buckler (worn)
Potions
 d - a potion of might
 e - a potion of flight {unknown}


   Skills:
 + Level 3.3 Fighting
 + Level 2.7 Polearms
 + Level 2.2 Armour
 * Level 0.2 Dodging
 + Level 3.0 Shields


You couldn't memorise any spells.
You didn't know any spells.
Your spell library was empty.

Dungeon Overview and Level Annotations

Branches:
Dungeon (1/15)

Altars:


Innate Abilities, Weirdness & Mutations

((You are very nimble when in or above water. (Stealth+, EV+, Speed+++)))
Your lower body shifts to a powerful aquatic tail in water.


Message History

The goblin hits you but does no damage.
The hobgoblin shouts!
You hit the goblin but do no damage. The bat hits you but does no damage.
The bat barely misses you. The goblin hits you but does no damage.
You barely miss the goblin. The goblin hits you but does no damage.
The bat hits you but does no damage.
You completely miss the goblin. The bat barely misses you.
The goblin hits you with a +0 dagger.
You barely miss the goblin. The bat closely misses you.
The goblin hits you with a +0 dagger. The endoplasm barely misses you.
You closely miss the goblin. You block the bat's attack.
The goblin hits you but does no damage.
The endoplasm hits you but does no damage.
The goblin hits you but does no damage.
You closely miss the goblin. The bat hits you. The bat closely misses you.
The endoplasm jiggles.
The endoplasm freezes you.
You are frozen.
You block the goblin's attack.
You closely miss the goblin. The bat hits you but does no damage.
You block the endoplasm's attack. The hobgoblin barely misses you.
You block the goblin's attack. The endoplasm hits you.
You hit the goblin.
You kill the goblin!
The bat barely misses you. The hobgoblin hits you.
* * * LOW HITPOINT WARNING * * *
The endoplasm barely misses you. The bat hits you but does no damage.
The hobgoblin hits you but does no damage.
You block the endoplasm's attack.
Things that are here:
a +0 dagger; a goblin corpse You block the hobgoblin's attack.
The endoplasm freezes you.
You are frozen.
* * * LOW HITPOINT WARNING * * *
The bat barely misses you. The endoplasm attacks as you move away!
The endoplasm hits you but does no damage.
The hobgoblin attacks as you move away! The hobgoblin hits you.
You die...

## . . .# .P~ ######
###.#.P~~ ##.....##
######g....~~~ #.......##
#....@)...P~♣
.........###.###bJ.....~≈
.............# ##.....~~~
..........#..# #.....~~~
..........##.####....P~P~
......................~.P
........#########.###.P.~
..................# #..P
..................#


You could see an endoplasm, a hobgoblin and a bat.

Vanquished Creatures
  A goblin (D:1)
1 creature vanquished.

Notes
Turn   | Place    | Note
-------+----------+-------------------------------------------
     0 | D:1      | Dorkslayer the Merfolk Fighter began the quest for the Orb.
     0 | D:1      | Reached XP level 1. HP: 18/18 MP: 1/1
    43 | D:1      | Slain by a hobgoblin

Illustrated notes

Levels and vault maps discovered:
D:1:      minmay_arrival_semitransparent, layout_rooms, serial_bayou,
          serial_bayou_pond_c, serial_bayou_lagoon_a, serial_bayou_pond_b,
          serial_bayou_pond_e

Action                     || total
---------------------------++-------
  Melee: Trident           ||     9
 Armour: Scale mail        ||    12
  Dodge: Dodged            ||     9
  Block: Buckler           ||     6

Table legend: (Time is in decaauts)
 A = Elapsed time spent in this place.
 B = Non-inter-level travel time spent in this place.
 C = Inter-level travel time spent in this place.
 D = Time resting spent in this place.
 E = Time spent auto-exploring this place.
 F = Levels seen in this place.
 G = Mean time per level.
                   A        B        C        D        E       F      G
               +--------+--------+--------+--------+--------+-----+--------+
         Total |     44 |     44 |      0 |      0 |      0 |   1 |   44.0 |
       Dungeon |     44 |     44 |      0 |      0 |      0 |   1 |   44.0 |
               +--------+--------+--------+--------+--------+-----+--------+

Top non-repeatable levels by time:
     D:1: 44 daAuts
